 Dungeon Crawl Stone Soup version 0.28-a0-750-g7c675f85b1 (webtiles) character file.

Game seed: 3884566086226739598

52 ytrimaz the Chopper (level 3, -2/28 HPs)
             Began as a Demonspawn Gladiator on Oct 29, 2021.
             Slain by a gnoll (6 damage)
             ... on level 2 of the Dungeon.
             The game lasted 00:01:56 (1411 turns).

ytrimaz the Chopper (Demonspawn Gladiator)          Turns: 1411, Time: 00:01:57

Health: -2/28      AC:  5    Str: 15    XL:     3   Next: 60%
Magic:  3/3        EV: 12    Int:  9    God:
Gold:   44         SH:  0    Dex: 14    Spells: 2/2 levels left

rFire   . . .      SeeInvis .   a - +0 war axe
rCold   . . .      Faith    .   (no shield)
rNeg    . . .      Spirit   .   b - +0 leather armour
rPois   .          Reflect  .   (helmet restricted)
rElec   .          Harm     .   (no cloak)
rCorr   .          Rampage  .   (no gloves)
Will    +....                   (no boots)
Stlth   +.........              (no amulet)
HPRegen 0.09/turn               c - ring of willpower
MPRegen 0.08/turn               (no ring)

@: no status effects
A: horns 1, icy blue scales 1
a: no special abilities


You were on level 2 of the Dungeon.
You visited 1 branch of the dungeon, and saw 2 of its levels.

You collected 44 gold pieces.

Inventory:

Hand Weapons
 a - a +0 war axe (weapon)
Missiles
 d - 3 throwing nets (quivered)
Armour
 b - a +0 leather armour (worn)
Jewellery
 c - a ring of willpower (left hand)
Scrolls
 f - a scroll of teleportation {unknown}
 g - a scroll of vulnerability {unknown}
 h - a scroll of identify {unknown}
Potions
 e - a potion of attraction {unknown}


   Skills:
 + Level 2.3 Fighting
 + Level 3.3 Axes
 - Level 1.7 Throwing
 * Level 1.2 Armour
 + Level 3.1 Dodging


You had 2 spell levels left.
You didn't know any spells.
Your spell library contained the following spells:

 Spells                   Type           Power      Damage    Failure   Level
 Ensorcelled Hibernation  Hex/Ice        0%         N/A       58%         2
 Tukima's Dance           Hex            0%         N/A       83%         3


Dungeon Overview and Level Annotations

Branches:
Dungeon (2/15)

Altars:

Shops:
D:1 (*


Innate Abilities, Weirdness & Mutations

You have a pair of small horns on your head.
You are partially covered in icy blue scales. (AC +2)


Message History

You see here a +0 club.
A gnoll comes into view. It is wielding a +0 whip.
The gnoll shouts!
You hear a shout! x2
A gnoll comes into view. It is wielding a +0 flail.
There are monsters nearby!
There are monsters nearby!
There are monsters nearby!
There are monsters nearby!
A gnoll comes into view. It is wielding a +0 whip.
You hit the gnoll.
The gnoll is lightly wounded.
You slash the gnoll!
The gnoll is severely wounded.
The gnoll closely misses you. The gnoll barely misses you.
A gnoll comes into view. It is wielding a +0 whip.
The gnoll completely misses you. The gnoll hits you with a +0 flail.
You barely miss the gnoll.
The gnoll shouts!
You hit the gnoll.
You kill the gnoll!
You hit the gnoll. The gnoll barely misses you. x2
You barely miss the gnoll. You hit the gnoll but do no damage.
The gnoll barely misses you. The gnoll closely misses you.
You slash the gnoll!
The gnoll is almost dead.
You closely miss the gnoll. You barely miss the gnoll.
The gnoll hits you with a +0 whip. x2; The gnoll hits you but does no damage.
The gnoll hits you with a +0 whip!
* * * LOW HITPOINT WARNING * * *
The gnoll misses you.
You hit the gnoll.
You kill the gnoll!
You closely miss the gnoll. You hit the gnoll. The gnoll barely misses you.
The gnoll hits you with a +0 whip.
* * * LOW HITPOINT WARNING * * *
You closely miss the gnoll. You headbutt the gnoll.
The gnoll is almost dead.
You hit the gnoll. The gnoll misses you. The gnoll hits you with a +0 whip.
You die...

.##.# #..# ##.###
.#.## ...# # ..##
##.## .## ####.#
.# ..##.# .#
#.##.. .######
#######.# .##...
......g)# .##.##
####g@#
.#...#######...).#
...#......##.##.##
##...##......##.#
##.###.###..##.#
#.....# #........
#####.# #.######.
#.. ..# ###.###


You could see 2 gnolls.

Vanquished Creatures
  2 gnolls (D:2)
  A dart slug (D:1)
  3 ball pythons (D:1)
  5 bats
  3 endoplasms (D:1)
  3 giant cockroaches
  3 goblins
  2 hobgoblins (D:1)
  2 quokkas (D:1)
  3 frilled lizards
  3 rats (D:1)
30 creatures vanquished.

Notes
Turn   | Place    | Note
-------+----------+-------------------------------------------
     0 | D:1      | ytrimaz the Demonspawn Gladiator began the quest for the
                  | Orb.
     0 | D:1      | Reached XP level 1. HP: 16/16 MP: 1/1
   198 | D:1      | Gained mutation: You have a pair of small horns on your
                  | head. [demonic ancestry]
   198 | D:1      | Reached XP level 2. HP: 20/22 MP: 2/2
   241 | D:1      | Found Rekirym's Antique Weapon Shoppe.
   252 | D:1      | Found Sosuig's Assorted Antiques.
  1075 | D:1      | Found a faded altar of an unknown god.
  1131 | D:2      | Gained mutation: You are partially covered in icy blue
                  | scales. (AC +2) [demonic ancestry]
  1131 | D:2      | Reached XP level 3. HP: 25/27 MP: 3/3
  1334 | D:2      | Reached skill level 1 in Armour
  1411 | D:2      | Slain by a gnoll

Illustrated notes

Levels and vault maps discovered:
D:1:      minmay_arrival_open_corners, layout_loops_ring,
          chequers_ecumenical_altar_grove, serial_shops,
          nicolae_shop_waterfront, shop, corexii_item_surrounded_by_moat,
          minmay_stone_trees_small, minmay_liquid_box
D:2:      layout_loops_ring

Skill      XL: |  1  2  3 |
---------------+----------+-----
Axes           | 3 |  3.3
Dodging        | 3 |  3.1
Armour         | 1 |  1.2
Fighting       | |  2.3
Throwing       | |  1.7

Action                   || total
-------------------------++-------
Melee: War axe           ||    82
       Headbutt          ||     8
Armor: Leather armour    ||    28
Dodge: Dodged            ||    84

Table legend: (Time is in decaauts)
 A = Elapsed time spent in this place.
 B = Non-inter-level travel time spent in this place.
 C = Inter-level travel time spent in this place.
 D = Time resting spent in this place.
 E = Time spent auto-exploring this place.
 F = Levels seen in this place.
 G = Mean time per level.
                   A        B        C        D        E       F      G
               +--------+--------+--------+--------+--------+-----+--------+
         Total |   1438 |   1409 |     29 |      0 |   1167 |   2 |  719.0 |
       Dungeon |   1438 |   1409 |     29 |      0 |   1167 |   2 |  719.0 |
               +--------+--------+--------+--------+--------+-----+--------+

Top non-repeatable levels by time:
     D:1: 1132 daAuts
     D:2: 306 daAuts
